 Dungeon Crawl Stone Soup version 0.29-a0-668-g12ee2bf84d (webtiles) character file.

Game seed: 7465822260661641517

989 dolemite99 the Martial Artist (level 8, -8/65 (66) HPs)
             Began as a Meteoran Chaos Knight on June 24, 2022.
             Was a Plaything of Xom.
             Mangled by Blork the orc
             ... wielding a +6 mace of protection
              (14 damage)
             ... on level 5 of the Dungeon.
             The game lasted 00:07:01 (2669 turns).

dolemite99 the Martial Artist (MeCK)                Turns: 2669, Time: 00:07:01

HP:   -8/65 (66)    AC:  5    Str: 15    XL:     8   Next: 69%
MP:   9/9           EV: 11    Int: 13    God:    Xom [.*....]
Gold: 1034          SH:  5    Dex: 15    Spells: 7/7 levels left

rFire   . . .      SeeInvis .     - Unarmed
rCold   . . .      Faith    .   t - +0 buckler
rNeg    . . .      Spirit   .   a - +2 leather armour
rPois   +          Reflect  .   (no helmet)
rElec   .          Harm     .   (no cloak)
rCorr   .          Rampage  .   (no gloves)
Will    +....                   (no boots)
Stlth   +.........              (no amulet)
HPRegen 0.20/turn               c - ring of poison resistance
MPRegen 0.11/turn               (no ring)

@: glowing, lightly drained
A: sense surroundings 1, otherworldly, glowing, explore regen, deterioration 1,
screaming 1
a: Renounce Religion


You were on level 5 of the Dungeon.
You worshipped Xom.
You were a plaything of Xom.
You visited 1 branch of the dungeon, and saw 5 of its levels.
You also visited: Ossuary.

You collected 1034 gold pieces.

Inventory:

Hand Weapons
 l - the +0 hand axe "Rovechyo" {pain, rElec rN+ Int+4 Stlth+}
   (You found it on level 2 of the Dungeon)

   In the hands of one skilled in necromantic magic, it inflicts extra damage on
   living creatures.
   Int:       It affects your intelligence (+4).
   rElec:     It insulates you from electricity.
   rN:        It protects you from negative energy.
   Stlth:     It makes you more stealthy.
Missiles
 i - 7 boomerangs
 k - 2 boomerangs of dispersal
 s - 5 poisoned darts
Armour
 a - a +2 leather armour (worn)
 f - the +1 leather armour of a bailey {Harm}
   (You found it on level 2 of the Dungeon)

   Harm:      It increases damage dealt and taken.
 t - a +0 buckler (worn)
Jewellery
 c - a ring of poison resistance (left hand)
Scrolls
 d - 2 scrolls of immolation
 h - a scroll of amnesia
 m - 2 scrolls of silence
 n - a scroll of fog
 u - 2 scrolls of teleportation
 v - a scroll of identify {@r1}
 w - a scroll of poison {unknown}
Potions
 g - a potion of berserk rage {unknown}
 j - a potion of invisibility {unknown}
 o - a potion of brilliance {unknown}
 p - a potion of heal wounds {unknown}
 q - a potion of haste {unknown}
 r - 3 potions of might {unknown}
Miscellaneous
 b - a piece from Xom's chessboard (15/15) (quivered)


   Skills:
 - Level 4.1 Fighting
 - Level 2.4 Armour
 - Level 1.2 Dodging
 + Level 3.3 Shields
 - Level 10.5 Unarmed Combat
 - Level 1.2 Evocations


You had 7 spell levels left.
You didn't know any spells.
Your spell library contained the following spells:

 Spells                   Type           Power      Damage    Failure   Level
 Scorch                   Fire           0%         2d5       58%         2
 Flame Wave               Conj/Fire      0%         2d4       99%         4
 Summon Cactus Giant      Summ           0%         N/A       100%        6


Dungeon Overview and Level Annotations

Branches:
Dungeon (5/15) Zot: 718   Ossuary (visited)
 Temple: D:4-7

Altars:
Dithmenos

Annotations:
D:2 1 runed translucent door, Crazy Yiuf
D:5 Blork the orc


Innate Abilities, Weirdness & Mutations

You passively map a small area around you.
You are easily found by Zot.
You glow in the dark.
You regain HP and MP as you explore.
Your body sometimes deteriorates upon taking damage.
You occasionally shout uncontrollably at your foes.


Message History

Xom is interested.
The necrophage hits you.
* * * LOW HITPOINT WARNING * * *
Your Shields skill increases to level 3!
You feel better.
Blork the orc hits you with a +6 mace of protection!
* * * LOW HITPOINT WARNING * * *
Xom thinks this is hilarious!
The necrophage closely misses you.
You feel better.
Blork the orc hits you with a +6 mace of protection.
* * * LOW HITPOINT WARNING * * *
The necrophage hits you.
* * * LOW HITPOINT WARNING * * *
You feel better.
Blork the orc looks satisfied for a moment.
The necrophage closely misses you.
You hit the necrophage.
The necrophage is lightly damaged.
Blork the orc hits you with a +6 mace of protection.
* * * LOW HITPOINT WARNING * * *
The necrophage misses you.
You punch Blork the orc!
Blork the orc is heavily wounded.
The necrophage closely misses you. You block Blork the orc's attack.
You hit Blork the orc but do no damage.
Blork the orc is heavily wounded.
The necrophage barely misses you.
Blork the orc looks encouraged for a moment.
The necrophage attacks as you move away!
The necrophage barely misses you. You block Blork the orc's attack.
You punch Blork the orc!
Blork the orc is severely wounded.
The necrophage hits you.
* * * LOW HITPOINT WARNING * * *
You feel drained.
* * * LOW HITPOINT WARNING * * *
Blork the orc hits you with a +6 mace of protection!
You die...
Xom cackles wildly!

# ## *....* ###. .##
##... , #...#
*..###.#...# ....#
..#.......# ,
*##...##..... ....##
, #......... .....##
#.......# ,##.......
,* #..####........
#..###.###@..#......
, *#.....)no..#
....# , ###..#.##.##
...# , . #...####.#
,,..., . ....## #.#
, .. . #..... #.# ,
, # . * ###... *
*#.. , , ##.. #.. *
,.. , ,


You could see Blork the orc and a necrophage.

Vanquished Creatures
  An ogre (D:5)
  7 scorpions (Ossuary)
  A centaur zombie (Ossuary)
  A jelly (D:4)
  2 hounds
  A human zombie (Ossuary)
  A gnoll shaman (D:4)
  An iguana (D:4)
  3 scorpion zombies (Ossuary)
  A mummy (Ossuary)
  3 gnolls (D:4)
  5 adders
  4 worms
  2 dart slugs
  2 orcs
  2 bats (D:2)
  3 endoplasms (D:2)
  3 giant cockroaches
  4 goblins
  2 hobgoblins (D:2)
  4 jackals (D:2)
  A quokka (D:1)
  4 ball pythons
  A frilled lizard (D:1)
  A gnoll zombie (Ossuary)
  3 goblin zombies (Ossuary)
  4 hobgoblin zombies (Ossuary)
  4 kobolds
  A kobold zombie (Ossuary)
  3 orc zombies (Ossuary)
  A rat (D:2)
76 creatures vanquished.

Vanquished Creatures (collateral kills)
  A scorpion (Ossuary)
1 creature vanquished.

Grand Total: 77 creatures vanquished

Notes
Turn   | Place    | Note
-------+----------+-------------------------------------------
     0 | D:1      | dolemite99 the Meteoran Chaos Knight began the quest for
                  | the Orb.
     0 | D:1      | Reached XP level 1. HP: 19/19 MP: 2/2
    53 | D:2      | Reached skill level 4 in Unarmed Combat
    53 | D:2      | Reached XP level 2. HP: 19/26 MP: 3/3
   234 | D:2      | Reached skill level 5 in Unarmed Combat
   234 | D:2      | Reached XP level 3. HP: 12/31 MP: 4/4
   341 | D:2      | Identified the +1 leather armour of a bailey {Harm}
   378 | D:2      | XOM: cleaving
   387 | D:2      | Reached XP level 4. HP: 37/38 MP: 5/5
   432 | D:2      | XOM: cloud trail
   464 | D:2      | XOM: 1-stop teleportation journey
   617 | D:2      | Identified the +0 hand axe "Rovechyo" {pain, rElec rN+
                  | Int+4 Stlth+}
   785 | D:3      | XOM: god gift: 885 gold pieces
   877 | D:4      | Reached skill level 6 in Unarmed Combat
   877 | D:4      | Reached XP level 5. HP: 41/45 MP: 6/6
   908 | D:4      | Found a sand-covered staircase.
   913 | Ossuary  | Entered an ossuary
   943 | Ossuary  | XOM: potion effect (berserk rage)
   945 | Ossuary  | Reached skill level 7 in Unarmed Combat
   948 | Ossuary  | Reached XP level 6. HP: 51/51 MP: 7/7
  1037 | Ossuary  | Reached skill level 8 in Unarmed Combat
  1077 | Ossuary  | XOM: scenery: 2 doors close
  1083 | Ossuary  | XOM: potion effect (brilliance)
  1084 | Ossuary  | XOM: summons friendly white imp
  1094 | Ossuary  | Reached XP level 7. HP: 28/57 MP: 8/8
  1097 | Ossuary  | Reached skill level 9 in Unarmed Combat
  1194 | Ossuary  | Reached skill level 10 in Unarmed Combat
  1227 | Ossuary  | XOM: enchant monster (good)
  1230 | Ossuary  | Reached XP level 8. HP: 44/63 MP: 9/9
  1736 | D:4      | XOM: give mutations
  1736 | D:4      | Gained mutation: You occasionally shout uncontrollably at
                  | your foes. [Xom's mischief]
  1736 | D:4      | Gained mutation: Your body sometimes deteriorates upon
                  | taking damage. [Xom's mischief]
  1901 | D:2      | Found a runed translucent door.
  1902 | D:2      | Noticed Crazy Yiuf
  2380 | D:4      | Reached skill level 1 in Evocations
  2437 | D:4      | Reached skill level 1 in Shields
  2573 | D:4      | XOM: 1-stop teleportation journey
  2610 | D:5      | Entered Level 5 of the Dungeon
  2610 | D:5      | Found a shadowy altar of Dithmenos.
  2644 | D:5      | XOM: 1-stop teleportation journey
  2656 | D:5      | Noticed Blork the orc
  2662 | D:5      | HP: 2/66 [Blork the orc/+6 mace of protection (10)]
  2669 | D:5      | Mangled by Blork the orc

Illustrated notes

Levels and vault maps discovered:
D:1:      eino_arrival_water_star, layout_basic
D:2:      cheibrodos_helix_gallery, layout_loops_ring, hangedman_decor_lopped,
          uniq_sigmund, uniq_crazy_yiuf_cottage
D:3:      layout_loops_ring
D:4:      layout_basic, enter_ossuary_2, minmay_strange_pillars,
          minmay_close_crescents
D:5:      layout_cave_pools, chei_slow_surprise, grunt_dithmenos_smoke,
          minmay_misc_feat_tiny, uniq_blork_the_orc

Skill      XL: |  1  2  3  4  5  6  7  8 |
---------------+-------------------------+-----
Unarmed Combat | 4 5 6 7 8 10 | 10.5
Fighting       | 4 |  4.1
Evocations     | 1 |  1.2
Shields        | 3 |  3.3
Armour         | |  2.4
Dodging        | |  1.2

Action                   |  1- 3 |  4- 6 |  7- 9 || total
-------------------------+-------+-------+-------++-------
Melee: Unarmed           |    62 |   105 |   153 ||   320
       Punch             |     1 |     5 |     7 ||    13
Evoke: Piece from Xom's  |     1 |     1 |       ||     2
  Use: Scroll            |       |     6 |     3 ||     9
       Potion            |       |       |     3 ||     3
Armor: Leather armour    |    44 |    36 |    25 ||   105
Dodge: Dodged            |    49 |    41 |    54 ||   144
Block: Buckler           |       |       |     9 ||     9

Table legend: (Time is in decaauts)
 A = Elapsed time spent in this place.
 B = Non-inter-level travel time spent in this place.
 C = Inter-level travel time spent in this place.
 D = Time resting spent in this place.
 E = Time spent auto-exploring this place.
 F = Levels seen in this place.
 G = Mean time per level.
                   A        B        C        D        E       F      G
               +--------+--------+--------+--------+--------+-----+--------+
         Total |   2632 |   2434 |    198 |    579 |    519 |   6 |  438.7 |
       Dungeon |   2280 |   2082 |    198 |    486 |    503 |   5 |  456.0 |
       Ossuary |    351 |    351 |      0 |     93 |     16 |   1 |  351.0 |
               +--------+--------+--------+--------+--------+-----+--------+

Top non-repeatable levels by time:
     D:4: 925 daAuts
     D:2: 842 daAuts
 Ossuary: 351 daAuts
     D:3: 316 daAuts
     D:1: 139 daAuts
     D:5: 55 daAuts
